 Dungeon Crawl Stone Soup version 0.20-a0-540-ge6d1839 (webtiles) character file.

438 tsouns the Cudgeler (level 7, -11/44 HPs)
             Began as a Kobold Fighter on Jan 29, 2017.
             Mangled by Menkaure (18 damage)
             ... on level 4 of the Dungeon.
             The game lasted 00:12:22 (3891 turns).

tsouns the Cudgeler (Kobold Fighter)                Turns: 3891, Time: 00:12:23

Health: -11/44     AC: 11    Str: 13 (15) XL:     7   Next: 21%
Magic:  7/7        EV:  5    Int:  6 (9)  God:
Gold:   221        SH:  9    Dex: 12 (15) Spells: 6/6 levels left

rFire    . . .     SeeInvis .   a - +1 flail
rCold    . . .     Gourm    .   g - +0 chain mail
rNeg     . . .     Faith    .   c - +1 shield
rPois    .         Spirit   .   (no helmet)
rElec    .         Reflect  .   (no cloak)
rCorr    .         Harm     .   (no gloves)
MR       .....     Rnd*Tele +   u - +0 pair of boots
Stlth    ..........             (no amulet)
Regen    0.2/turn               x - ring of teleportation (curse)
                                o - ring of loudness (curse)

@: no status effects
A: yellow scales 1, carnivore 3
a: no special abilities


You were on level 4 of the Dungeon.
You were completely stuffed.

You visited 1 branch of the dungeon, and saw 4 of its levels.

You collected 221 gold pieces.

Inventory:

Hand Weapons
 a - a +1 flail (weapon)
 p - a +3 mace
Missiles
 e - 140 stones (quivered)
 n - 2 tomahawks
 v - 20 sling bullets
Armour
 b - a +0 scale mail
 c - a +1 shield (worn)
 g - a +0 chain mail (worn)
 u - a +0 pair of boots (worn)
Jewellery
 d - an uncursed ring of see invisible
 o - a cursed ring of loudness (left hand)
 x - a cursed ring of teleportation (right hand)
Scrolls
 i - a scroll of teleportation
 q - 2 scrolls of amnesia
 t - a scroll of immolation
Potions
 k - 2 potions of lignification {unknown}
 l - 2 potions of curing {unknown}
 r - a potion of cure mutation {unknown}
 s - a potion of haste {unknown}
Comestibles
 f - 4 meat rations
 m - a royal jelly
 w - 3 chunks of flesh


   Skills:
 + Level 5.2 Fighting
 * Level 5.5 Maces & Flails
 - Level 0.4 Throwing
 - Level 2.4 Armour
 - Level 0.2 Dodging
 - Level 2.4 Shields


You had 6 spell levels left.
You didn't know any spells.

Dungeon Overview and Level Annotations

Branches:
Dungeon (4/15)
 Temple: D:4-7

Altars:
Nemelex Xobeh

Annotations:
D:3 Vidiiot's ghost, weakling BaWn
D:4 Menkaure


Innate Abilities, Weirdness & Mutations

You are small and have problems with some larger weapons.
You are carnivorous and can eat meat at any time.
You are partially covered in yellow scales. (AC +2)


Message History

You feel agile.
You sock Menkaure!
Menkaure is heavily damaged.
Menkaure hits you!
You completely miss Menkaure.
Menkaure is heavily damaged.
Menkaure calls on the powers of darkness!
Your body is wracked with pain!
You hit Menkaure but do no damage.
Menkaure is heavily damaged.
Menkaure points at you and mumbles some strange words.
Pain shoots through your body!
* * * LOW HITPOINT WARNING * * *
You hit Menkaure but do no damage.
Menkaure is heavily damaged.
Menkaure barely misses you.
You hit Menkaure but do no damage.
Menkaure is heavily damaged.
Menkaure hits you!!
You die...

...#### . # .. ..M
..## # ..# #.#
#.###.# ##M#.#
#@...# #.##.####
#.......# ..
#[##.##.# ...
#.##.##.#####..#
#.##.............
#.#####.###.......
#.#####..........#
#......†..........


You could see Menkaure.

Vanquished Creatures
  A phantom (D:4)
  An orc priest (D:3)
  Ijyb (D:2)
  A bullfrog skeleton (D:4)
  An iguana (D:4)
  A worker ant (D:4)
  4 gnolls
  8 adders
  2 oozes
  4 worms
  2 dart slugs
  3 leopard geckos
  6 orcs
  3 giant cockroaches
  9 goblins
  7 hobgoblins
  10 jackals
  10 bats
  5 frilled lizards
  4 kobolds
  7 rats
90 creatures vanquished.

Notes
Turn   | Place    | Note
-------+----------+-------------------------------------------
     0 | D:1      | tsouns the Kobold Fighter began the quest for the Orb.
     0 | D:1      | Reached XP level 1. HP: 14/14 MP: 1/1
   185 | D:1      | Reached XP level 2. HP: 19/20 MP: 2/2
   614 | D:1      | Reached XP level 3. HP: 23/24 MP: 3/3
  1091 | D:1      | You fall through a shaft!
  1099 | D:2      | Noticed Ijyb
  1116 | D:2      | Killed Ijyb
  1116 | D:2      | Reached XP level 4. HP: 27/29 MP: 4/4
  1286 | D:2      | Reached XP level 5. HP: 33/33 MP: 5/5
  2282 | D:3      | Reached XP level 6. HP: 26/39 MP: 6/6
  2446 | D:3      | Noticed Vidiiot's ghost (weakling BaWn)
  3157 | D:3      | Found a sparkling altar of Nemelex Xobeh.
  3417 | D:3      | Reached skill level 5 in Fighting
  3436 | D:2      | Reached skill level 5 in Maces & Flails
  3616 | D:4      | Noticed a phantom
  3642 | D:4      | Killed a phantom
  3642 | D:4      | Reached XP level 7. HP: 20/44 MP: 7/7
  3879 | D:4      | Noticed Menkaure
  3882 | D:4      | Gained mutation: You are clumsy. (Dex -2) [potion of mutation]
  3882 | D:4      | Gained mutation: You are partially covered in yellow scales. (AC +2) [potion of mutation]
  3882 | D:4      | Lost mutation: You are clumsy. (Dex -2) [potion of mutation]
  3891 | D:4      | Mangled by Menkaure

Vault maps used:
D:1:      mrwooster_arrival_statue_2
D:2:      uniq_iyjb
D:3:      first_bread, hangedman_abyss_or_decor_lesser_grid,
          nemelex_dance_club_becter
D:4:      vehumet_crystals, minmay_misc_feat_enclosed, minmay_misc_feat_rows,
          uniq_menkaure, uniq_robin

Skill      XL: |  1  2  3  4  5  6 |
---------------+-------------------+-----
Maces & Flails | 2 3 4 5 |  5.5
Fighting       | 4 5 |  5.2
Throwing       | |  0.4
Armour         | |  2.4
Dodging        | |  0.2
Shields        | |  2.4

Action                   |  1- 3 |  4- 6 |  7- 9 || total
-------------------------+-------+-------+-------++-------
Melee: Flail             |    75 |   220 |    16 ||   311
       Mace              |    16 |    26 |       ||    42
Throw: Stone             |     1 |     2 |       ||     3
  Use: Scroll            |       |     9 |       ||     9
       Potion            |       |     1 |     2 ||     3
  Eat: Chunk             |     3 |    15 |     1 ||    19
Armor: Scale mail        |     8 |       |       ||     8
       Chain mail        |    41 |   129 |     5 ||   175
Dodge: Dodged            |    20 |    52 |     2 ||    74
Block: Shield            |    35 |   148 |     5 ||   188
